 Dungeon Crawl Stone Soup version 0.32-a0-22-g6ae6769602 (webtiles) character file.

Game seed: 901995955555086190

3763 Curundu the Severer (level 9, -1/106 HPs)
             Began as a Minotaur Berserker on Jan 18, 2024.
             Was a Priest of Trog.
             Succumbed to Amaemon's poison
             ... on level 8 of the Dungeon.
             The game lasted 00:26:39 (6141 turns).

Curundu the Severer (Minotaur Berserker)            Turns: 6141, Time: 00:26:39

Health: -1/106     AC: 16    Str: 26    XL:     9   Next: 94%
Magic:  8/8        EV:  9    Int:  4    God:    Trog [***...]
Gold:   379        SH:  3    Dex: 10    Spells: 8/8 levels left

rFire   . . .        a - +1 hand axe
rCold   . . .        f - +0 buckler
rNeg    . . .        k - +0 chain mail
rPois   .            (helmet restricted)
rElec   .            t - +0 cloak
rCorr   .            E - +0 pair of gloves {hurl}
SInv    .            c - +0 pair of boots
Will    .....        w - amulet of regeneration Stlth
                     l - +4 ring of slaying
HPRegen 1.17/turn    o - +4 ring of protection
MPRegen 0.11/turn

%: no passive effects
@: berserking (expiring), lethally poisoned (-1 -> -36), slowed
A: horns 2, retaliatory headbutt
a: Renounce Religion, Berserk, Trog's Hand


You were on level 8 of the Dungeon.
You worshipped Trog.
Trog was most pleased with you.
You visited 1 branch of the dungeon, and saw 8 of its levels.

You collected 379 gold pieces.

Inventory:

Hand Weapons
 a - a +1 hand axe (weapon)
Missiles
 b - 7 boomerangs (quivered)
Armour
 c - a +0 pair of boots (worn)
 f - a +0 buckler (worn)
 k - a +0 chain mail (worn)
 t - a +0 cloak (worn)
 E - a +0 pair of gloves of hurling (worn)
Jewellery
 e - a ring of willpower
 g - a ring of willpower
 h - a ring of willpower
 l - a +4 ring of slaying (left hand)
 o - a +4 ring of protection (right hand)
 v - a ring of protection from fire
 w - an amulet of regeneration (around neck)
Wands
 u - a wand of paralysis (1)
Scrolls
 j - a scroll of enchant weapon
 n - a scroll of revelation
 y - 2 scrolls of blinking
 z - 3 scrolls of enchant armour
 H - a scroll of identify
Potions
 d - 2 potions of heal wounds
 i - 4 potions of curing
 m - 2 potions of cancellation
 q - a potion of brilliance
 r - 4 potions of lignification
 x - a potion of attraction
 A - a potion of enlightenment
 B - a potion of mutation {unknown}
 C - a potion of berserk rage {unknown}
 D - a potion of ambrosia {unknown}
 F - a potion of haste


   Skills:
 - Level 3.9 Fighting
 + Level 16.7 Axes
 - Level 2.9 Armour
 - Level 2.5 Dodging


You had 8 spell levels left.
You didn't know any spells.
Your spell library was empty.

Dungeon Overview and Level Annotations

Branches:
Dungeon (8/15)             Temple (0/1) D:4
   Lair: D:8-11

Altars:
Ashenzari
Dithmenos
Gozag
Kikubaaqudgha
Makhleb
Qazlal
Sif Muna
Trog
Vehumet
The Shining One

Shops:
D:1 [

Annotations:
D:8 Amaemon


Innate Abilities, Weirdness & Mutations

You have a pair of horns on your head.
You reflexively headbutt those who attack you in melee.


Message History

Amaemon hits you but does no damage.
You are more poisoned.
Amaemon claws you!
Amaemon tail-slaps you but does no damage.
You slash the orange demon!
The orange demon is almost dead.
You closely miss Amaemon.
You feel extremely sick. The orange demon barely misses you.
You furiously retaliate!
You headbutt the orange demon!!
You kill the orange demon!
Trog accepts your kill. Amaemon hits you but does no damage.
You are more poisoned.
Amaemon claws you.
Amaemon tail-slaps you but does no damage.
You slash Amaemon!
Amaemon is lightly wounded.
You feel extremely sick.
You hit Amaemon. Your headbutt misses Amaemon.
Amaemon is lightly wounded.
* * * LOW HITPOINT WARNING * * *
You feel very sick.
Amaemon hits you with a +1 demon whip of venom.
* * * LOW HITPOINT WARNING * * *
Amaemon closely misses you. You block Amaemon's attack.
You closely miss Amaemon. You headbutt Amaemon!
Amaemon is moderately wounded.
* * * LOW HITPOINT WARNING * * *
You feel very sick.
You closely miss Amaemon. Your headbutt misses Amaemon.
Amaemon is moderately wounded.
* * * LOW HITPOINT WARNING * * *
You feel very sick.
Amaemon hits you with a +1 demon whip of venom!
* * * LOW HITPOINT WARNING * * *
You are more poisoned.
Amaemon barely misses you.
Amaemon tail-slaps you but does no damage.
You die...

..#..... .###.... ##########
..#.....############........#
........#...................#
........###.########........#
........ #...##.....###...##
..#..# ###.....########### .###.#
####..# ##~~~~~## ..#..#
#@.####~~~~~~~# #....###
##.6...#~~...~~#### ##<....###
#..#####~~._...'..# ##.###...##
#.## #~~...~~##.#
..........#####.######~~~~~~~##.#
##[####.#...##..##...##~~~~~###.#
##.# #..##....##.....#######...#
...#####.......#...............##
#.....######...................#


You could see Amaemon.

Vanquished Creatures
  An orange demon (D:8)
  A hornet (D:8)
  Grinder (D:3)
  Sigmund (D:3)
  The ghost of SheepSpotted the Changeling, an amateur DrSh (D:3)
  A steam dragon (D:7)
  A water moccasin (D:7)
  2 black bears
  2 sky beasts (D:7)
  5 ice beasts
  2 ogres
  A centaur (D:8)
  A kobold brigand (D:7)
  3 bullfrogs
  A gnoll sergeant (D:8)
  2 scorpions
  9 wights
  2 howler monkeys
  2 hounds
  2 bombardier beetles
  4 orc priests
  A jelly (D:5)
  2 sleepcaps
  An iguana (D:5)
  3 orc wizards
  6 gnolls
  An adder (D:4)
  A shadow imp (D:7)
  2 white imps (D:7)
  2 ufetubi (D:5)
  A dart slug (D:3)
  2 ribbon worms
  27 orcs
  5 endoplasms
  3 giant cockroaches
  5 goblins
  7 hobgoblins
  2 jackals (D:1)
  6 kobolds
  4 quokkas
  5 ball pythons
  2 bats (D:1)
  4 frilled lizards (D:1)
  6 rats
143 creatures vanquished.

Vanquished Creatures (others)
  An orc (D:7)
1 creature vanquished.

Grand Total: 144 creatures vanquished

Notes
Turn   | Place    | Note
-------+----------+-------------------------------------------
     0 | D:1      | Curundu the Minotaur Berserker began the quest for the Orb.
     0 | D:1      | Reached XP level 1. HP: 19/19 MP: 0/0
   145 | D:1      | Reached XP level 2. HP: 24/27 MP: 1/1
   292 | D:1      | Reached ** piety under Trog
   293 | D:1      | Reached skill level 4 in Axes
   447 | D:1      | Found Tewk's Armour Emporium.
   889 | D:2      | Reached XP level 3. HP: 30/33 MP: 2/2
  1090 | D:2      | Found a faded altar of an unknown god.
  1141 | D:2      | Found an ancient bone altar of Kikubaaqudgha.
  1499 | D:3      | Noticed Grinder
  1516 | D:3      | Killed Grinder
  1517 | D:3      | Reached skill level 7 in Axes
  1517 | D:3      | Reached XP level 4. HP: 29/40 MP: 3/3
  1517 | D:3      | Reached XP level 5. HP: 33/46 MP: 4/4
  1708 | D:3      | Found a large runed translucent door.
  1708 | D:3      | Found a large runed translucent door.
  1709 | D:3      | Noticed SheepSpotted's ghost (amateur DrSh)
  1758 | D:3      | Found a bloodstained altar of Trog.
  1875 | D:3      | Found a burning altar of Makhleb.
  1928 | D:3      | Noticed Sigmund
  1936 | D:3      | Killed Sigmund
  1937 | D:3      | Reached skill level 8 in Axes
  1937 | D:3      | Reached XP level 6. HP: 52/52 MP: 5/5
  2047 | D:3      | Found a stormy altar of Qazlal.
  2080 | D:3      | Reached skill level 9 in Axes
  2418 | D:3      | Killed SheepSpotted's ghost
  2419 | D:3      | Reached XP level 7. HP: 58/58 MP: 6/6
  2651 | D:4      | Found a staircase to the Ecumenical Temple.
  2789 | D:4      | Found a broken altar of Ashenzari.
  2801 | D:4      | Reached skill level 10 in Axes
  2854 | D:4      | Found a radiant altar of Vehumet.
  2855 | D:4      | Found a glowing golden altar of the Shining One.
  3225 | D:5      | Entered Level 5 of the Dungeon
  3259 | D:5      | Reached skill level 11 in Axes
  3345 | D:5      | Found an opulent altar of Gozag.
  3388 | D:5      | Reached XP level 8. HP: 66/66 MP: 7/7
  3867 | D:5      | Reached skill level 12 in Axes
  4221 | D:6      | Identified the +7 short sword "Geno" {flame, ^Fragile Fly
                  | rElec rC- Str+3 Int+4}
  4386 | D:6      | Reached skill level 13 in Axes
  4507 | D:6      | Reached *** piety under Trog
  5033 | D:7      | Found a radiant altar of Vehumet.
  5047 | D:7      | Reached skill level 14 in Axes
  5047 | D:7      | Reached XP level 9. HP: 53/71 MP: 8/8
  5266 | D:7      | Reached skill level 15 in Axes
  5493 | D:7      | Found a shadowy altar of Dithmenos.
  5562 | D:8      | Reached skill level 16 in Axes
  6027 | D:8      | Found a shimmering blue altar of Sif Muna.
  6070 | D:8      | Noticed Amaemon
  6070 | D:8      | Noticed an orange demon
  6136 | D:8      | Killed an orange demon
  6141 | D:8      | Succumbed to Amaemon's poison

Illustrated notes

Levels and vault maps discovered:
D:1:      kilobyte_arrival_exit_the_forest, layout_rooms, serial_shops,
          nicolae_square_shop, minmay_tromino_v4_b
D:2:      layout_loops_ring, basic_altar, chequers_ecumenical_altar_lobes,
          minmay_misc_feat_room, nicolae_kite_square_tiling_tiny,
          chequers_serial_rivers_small_a
D:3:      layout_loops_ring, mainiacjoe_overflow_small_starburst,
          mainiacjoe_overflow_catch_the_wave, ebering_ghost_disaster_area,
          minmay_misc_feat_square, uniq_sigmund, uniq_grinder
D:4:      layout_basic, lemuel_crystal_altar, gammafunk_temple_overflow_pools,
          minmay_temple_entry_mini_moons
D:5:      layout_basic, grunt_gozag_breadcrumbs, hex_medium, hex_intersection,
          kennysheep_generic_room_2
D:6:      layout_basic
D:7:      layout_cave_pools, kennysheep_mini, minmay_ruined_shrine
D:8:      layout_rooms, led_sif_pool, minmay_strange_pillars, uniq_amaemon

Skill      XL: |  1  2  3  4  5  6  7  8  9 |
---------------+----------------------------+-----
Axes           | 4 7 8 9 11 14 16 | 16.7
Fighting       | |  3.9
Armour         | |  2.9
Dodging        | |  2.5

Action                     |  1- 3 |  4- 6 |  7- 9 || total
---------------------------+-------+-------+-------++-------
  Melee: Hand axe          |    55 |    61 |   285 ||   401
         Headbutt          |    12 |     9 |    52 ||    73
         Punch             |       |       |     5 ||     5
 Invoke: Trog's Hand       |     1 |     2 |     5 ||     8
         Berserk           |     1 |     2 |     2 ||     5
    Use: Scroll            |     3 |       |    12 ||    15
         Potion            |       |       |     1 ||     1
 Armour: Animal skin       |    28 |       |       ||    28
         Chain mail        |     7 |    32 |   204 ||   243
  Dodge: Dodged            |    32 |    20 |   104 ||   156
  Block: Buckler           |       |       |     1 ||     1

Table legend: (Time is in decaauts)
 A = Elapsed time spent in this place.
 B = Non-inter-level travel time spent in this place.
 C = Inter-level travel time spent in this place.
 D = Time resting spent in this place.
 E = Time spent auto-exploring this place.
 F = Levels seen in this place.
 G = Mean time per level.
                   A        B        C        D        E       F      G
               +--------+--------+--------+--------+--------+-----+--------+
         Total |   6100 |   6098 |      2 |    306 |   4151 |   8 |  762.5 |
       Dungeon |   6100 |   6098 |      2 |    306 |   4151 |   8 |  762.5 |
               +--------+--------+--------+--------+--------+-----+--------+

Top non-repeatable levels by time:
     D:3: 1032 daAuts
     D:6: 899 daAuts
     D:1: 836 daAuts
     D:5: 830 daAuts
     D:4: 715 daAuts
     D:2: 665 daAuts
     D:8: 576 daAuts
     D:7: 544 daAuts
